 Dungeon Crawl Stone Soup version 0.32-a0-871-ge202e49faa (webtiles) character file.

Game seed: 3129617535220105342

5465 Biggs the Skirmisher (level 10, -1/84 HPs)
             Began as a Coglin Hunter on Mar 29, 2024.
             Was a High Priest of Okawaru.
             Slain by Amaemon
             ... wielding the +8 whip "Snakebite" {venom, curare, rPois}
              (2 damage)
             ... on level 9 of the Dungeon.
             The game lasted 00:14:17 (7898 turns).

Biggs the Skirmisher (Coglin Hunter)                Turns: 7898, Time: 00:14:17

Health: -1/84      AC:  6    Str: 11    XL:     10   Next: 69%
Magic:  10/10      EV: 13    Int:  9    God:    Okawaru [*****.]
Gold:   288        SH:  0    Dex: 22    Spells: 9/9 levels left

rFire   . . .        a - +2 sling (elec) {Charoen}
rCold   . . .        d - +0 sling {Bojana}
rNeg    . . .        c - +0 leather armour
rPois   .            (no helmet)
rElec   .            (no cloak)
rCorr   .            m - +2 pair of gloves
SInv    .            (no boots)
Will    .....        (amulet unavailable)
Stlth   ++           (ring unavailable)
HPRegen 0.34/turn    (ring unavailable)
MPRegen 0.12/turn    (no gizmo)

%: no passive effects
@: lethally poisoned (-1 -> -47), slowed, revved, very slow
A: off-hand wielding, slow wielding, warmup strikes, no jewellery
a: Invent Gizmo, Renounce Religion, Heroism, Finesse, Duel


You were on level 9 of the Dungeon.
You worshipped Okawaru.
Okawaru was extremely pleased with you.
You visited 2 branches of the dungeon, and saw 10 of its levels.
You also visited: Sewer.

You collected 480 gold pieces.
You spent 192 gold pieces at shops.

Inventory:

Hand Weapons
 a - a +2 sling of electrocution (weapon) {Charoen}
 d - a +0 sling (offhand) {Bojana}
Armour
 c - a +0 leather armour (worn)
 m - a +2 pair of gloves (worn)
Wands
 q - a wand of polymorph (17)
 H - a wand of acid (9)
Scrolls
 b - a scroll of butterflies
 f - 2 scrolls of teleportation
 g - a scroll of immolation
 j - 2 scrolls of vulnerability
 s - a scroll of torment
 t - a scroll of fear
 v - a scroll of noise
 w - 2 scrolls of fog
 x - 4 scrolls of blinking
 y - a scroll of summoning
 z - 3 scrolls of enchant armour
 D - 2 scrolls of revelation {unknown}
 F - a scroll of amnesia {unknown}
 I - 2 scrolls of acquirement {unknown}
Potions
 e - a potion of brilliance {unknown}
 h - 4 potions of curing {unknown}
 i - 2 potions of degeneration {unknown}
 k - 2 potions of heal wounds
 l - 2 potions of enlightenment {unknown}
 n - a potion of ambrosia {unknown}
 o - a potion of berserk rage {unknown}
 p - 2 potions of invisibility {unknown}
 r - 2 potions of might {unknown}
 u - a potion of attraction {unknown}
 A - 2 potions of resistance {unknown}
 B - 2 potions of mutation {unknown}
 G - a potion of haste {unknown}


   Skills:
 + Level 9.7 Fighting
 - Level 11.3 Ranged Weapons
 - Level 4.4 Dodging
 - Level 0.7 Stealth


You had 9 spell levels left.
You didn't know any spells.
Your spell library contained the following spells:

 Spells                   Type           Power      Damage    Failure   Level
 Apportation              Tloc           0%         N/A       47%         1
 Magic Dart               Conj           0%         1d3       47%         1
 Blink                    Tloc           0%         N/A       63%         2
 Jinxbite                 Hex            0%         N/A       63%         2
 Frozen Ramparts          Ice            0%         1d1       85%         3
 Hailstorm                Conj/Ice       0%         3d5       85%         3
 Ozocubu's Armour         Ice            0%         N/A       85%         3
 Passage of Golubria      Tloc           0%         N/A       99%         4
 Alistair's Intoxication  Alch           0%         N/A       100%        5
 Metabolic Englaciation   Hex/Ice        0%         N/A       100%        5
 Silence                  Hex/Air        0%         N/A       100%        5
 Permafrost Eruption      Ice/Erth       0%         2x4d2     100%        6
 Lehudib's Crystal Spear  Conj/Erth      0%         10d2      100%        8
 Call Imp                 Summ           Unusable   N/A       N/A         2
 Summon Ice Beast         Ice/Summ       Unusable   N/A       N/A         3
 Sculpt Simulacrum        Ice/Alch       Unusable   N/A       N/A         6

Dungeon Overview and Level Annotations

Branches:
Dungeon (9/15)             Temple (1/1) D:4           Sewer (visited)
   Lair: D:8-11         Orc: D:9-12

Altars:
Ashenzari
Cheibriados
Dithmenos
Elyvilon
Fedhas
Gozag
Hepliaklqana
Kikubaaqudgha
Makhleb
Nemelex Xobeh
Okawaru
Qazlal
Ru
Sif Muna
Trog
Uskayaw
Vehumet
Wu Jian
Xom
Yredelemnul
Zin
The Shining One

Shops:
D:1 [   D:6 *:?:(

Annotations:
D:9 Amaemon


Innate Abilities, Weirdness & Mutations

You can wield a second weapon in your off-hand.
It takes a long time for you to wield or remove held weapons.
Your first few attacks do less damage.
You cannot equip rings or amulets.


Message History

Press: ? - help, Q - select action, (/) - cycle Shift-Dir - straight line, f/p - Amaemon
Aim: Amaemon, wielding the +8 whip "Snakebite" {venom, curare, rPois} and carrying a wand of polymorph (almost dead, 66% to hit)
You shoot a sling bullet. The sling bullet misses Amaemon.
You shoot a sling bullet.
The sling bullet closely misses Amaemon.
You feel very sick. The scorpion misses you. The scorpion barely misses you.
Amaemon hits you with the +8 whip "Snakebite"!
* * * LOW HITPOINT WARNING * * *
You are more poisoned. x2
You have difficulty breathing.
* * * LOW HITPOINT WARNING * * *
You feel yourself slow down. Amaemon barely misses you. x2
Unknown command.
You feel much better.
* * * LOW HITPOINT WARNING * * *
You feel extremely sick.
The scorpion stings you but does no damage.
The scorpion misses you. The scorpion closely misses you.
The scorpion stings you.
* * * LOW HITPOINT WARNING * * *
Amaemon's tail lashes.
Amaemon zaps a wand.
You easily resist.
Unknown command.
You feel much better.
* * * LOW HITPOINT WARNING * * *
You feel extremely sick. The scorpion stings you.
* * * LOW HITPOINT WARNING * * *
You are more poisoned.
You have difficulty breathing.
* * * LOW HITPOINT WARNING * * *
You feel as though you will be slow longer.
The scorpion stings you.
* * * LOW HITPOINT WARNING * * *
Amaemon points at the scorpion and mumbles some strange words.
The scorpion's venom grows more potent.
The scorpion barely misses you. The scorpion completely misses you.
Amaemon hits you with the +8 whip "Snakebite".
You die...

..##...##...#.....#...#.....#...#
............#.....#...#.....#...#
.......##...#.###4# #.....#....
.......##...#.# #.#####.....#....
.......##...#.# #....[..#...#...#
..##...##...#.# #..##...#...#...#
..##...##...#.# #s......#...#...#
..#....##...'.###6s.........#6..#
..##...##...#..s@ss.........#...#
..##...##...##'###'#######'##...#
.......#######.#≈≈.≈≈#.....##...'
.......#.....#.#≈#.#≈#..........#
.......#.....#.#≈._.≈#..........#
####...#.#...#.#≈#.#≈#..........#
...#####.#..[###≈≈.≈≈############
.........#.....###'###...........
##....#........##......####......


You could see Amaemon, an orange demon and 5 scorpions.

Vanquished Creatures
  A two-headed ogre (D:9)
  Grinder (D:4)
  2 shadows
  Sigmund (D:4)
  2 wraiths (D:9)
  A wyvern (D:9)
  2 water moccasins
  An orc warrior (D:7)
  A black bear (D:6)
  3 sky beasts
  2 ice beasts (D:6)
  2 ogres
  2 phantoms
  A kobold brigand (D:6)
  2 brain worms (Sewer)
  5 bullfrogs
  5 scorpions
  5 wights (D:8)
  3 howler monkeys
  5 jellies
  A bombardier beetle (D:4)
  2 gnoll boudas
  9 hounds
  6 orc priests
  2 sleepcaps
  4 iguanas
  6 orc wizards
  5 gnolls
  15 adders
  2 river rats (Sewer)
  5 white imps
  4 ufetubi (D:5)
  2 dart slugs (D:1)
  30 orcs
  10 ball pythons
  2 endoplasms
  3 giant cockroaches
  5 goblins
  3 hobgoblins
  4 jackals
  11 kobolds
  4 quokkas
  4 bats
  9 frilled lizards
  10 rats
205 creatures vanquished.

Notes
Turn   | Place    | Note
-------+----------+-------------------------------------------
     0 | D:1      | Biggs the Coglin Hunter began the quest for the Orb.
     0 | D:1      | Reached XP level 1. HP: 16/16 MP: 1/1
    27 | D:1      | Found Keugg's Armour Emporium.
    85 | D:1      | Reached skill level 4 in Ranged Weapons
    85 | D:1      | Reached XP level 2. HP: 22/22 MP: 2/2
   160 | D:1      | Reached XP level 3. HP: 27/27 MP: 3/3
   855 | D:2      | Reached skill level 5 in Ranged Weapons
   855 | D:2      | Reached XP level 4. HP: 33/33 MP: 4/4
  1891 | D:4      | Noticed a scorpion
  1894 | D:4      | Killed a scorpion
  1895 | D:4      | Reached skill level 6 in Ranged Weapons
  1895 | D:4      | Reached XP level 5. HP: 38/38 MP: 5/5
  1900 | D:4      | Noticed Grinder
  1910 | D:4      | Killed Grinder
  1911 | D:4      | Reached skill level 7 in Ranged Weapons
  1911 | D:4      | Reached XP level 6. HP: 44/44 MP: 6/6
  1969 | D:4      | Found a staircase to the Ecumenical Temple.
  1979 | Temple   | Entered the Ecumenical Temple
  1994 | Temple   | Became a worshipper of Warmaster Okawaru
  2020 | D:4      | Reached XP level 7. HP: 50/50 MP: 7/7
  2160 | D:4      | Found an opulent altar of Gozag.
  2340 | D:4      | Reached skill level 8 in Ranged Weapons
  2381 | D:4      | Noticed Sigmund
  2388 | D:4      | Killed Sigmund
  2780 | D:5      | Entered Level 5 of the Dungeon
  2791 | D:5      | Reached skill level 9 in Ranged Weapons
  2791 | D:5      | Reached XP level 8. HP: 16/56 MP: 8/8
  3284 | D:5      | Reached * piety under Okawaru
  3534 | D:5      | Reached skill level 10 in Ranged Weapons
  4139 | D:6      | Found a hide-covered altar of Uskayaw.
  4150 | D:6      | Found Feerow's General Store.
  4171 | D:6      | Found Teasob's Magic Scroll Emporium.
  4183 | D:6      | Bought a scroll of identify for 22 gold pieces
  4183 | D:6      | Bought a scroll of identify for 22 gold pieces
  4183 | D:6      | Bought a scroll of identify for 22 gold pieces
  4183 | D:6      | Bought a scroll of identify for 22 gold pieces
  4183 | D:6      | Bought a scroll of blinking for 82 gold pieces
  4183 | D:6      | Bought a scroll of identify for 22 gold pieces
  4249 | D:6      | Found Deniozim's Book Boutique.
  4311 | D:6      | Found a glowing drain.
  4319 | D:6      | Reached XP level 9. HP: 17/61 MP: 9/9
  4321 | Sewer    | Entered a sewer
  4538 | Sewer    | Reached ** piety under Okawaru
  4539 | Sewer    | Reached skill level 11 in Ranged Weapons
  5044 | D:6      | Reached *** piety under Okawaru
  5230 | D:6      | Found Kepa's Book Shop.
  5305 | D:6      | Found Ucroesm's Weapon Shoppe.
  5319 | D:6      | Reached skill level 5 in Fighting
  5688 | D:7      | Reached XP level 10. HP: 72/76 MP: 10/10
  6259 | D:8      | Found a sacrificial altar of Ru.
  6440 | D:8      | Reached **** piety under Okawaru
  7122 | D:9      | Found a burning altar of Makhleb.
  7192 | D:9      | Noticed Amaemon
  7193 | D:9      | Noticed an orange demon
  7369 | D:9      | Noticed a two-headed ogre
  7377 | D:9      | Killed a two-headed ogre
  7507 | D:9      | Reached ***** piety under Okawaru
  7896 | D:9      | HP: 4/84 [asphyx]
  7898 | D:9      | HP: 1/84 [scorpion[Amaemon] (2)]
  7898 | D:9      | Slain by Amaemon

Illustrated notes

Levels and vault maps discovered:
D:1:      saegor_arrival_simple_b, layout_rooms, serial_shops,
          nicolae_shop_getting_attention, serial_forest,
          infiniplex_forest_lined_room_2, infiniplex_forest_clump_tiny,
          infiniplex_forest_clump_tiny, infiniplex_forest_end_3,
          infiniplex_forest_lined_room_2, infiniplex_forest_clump_medium,
          infiniplex_forest_straight_2, infiniplex_forest_clump_long
D:2:      layout_rooms
D:3:      layout_loops_ring, patterned_corridor
D:4:      layout_gridville, nicolae_gozag_cash_rules_everything_around_me,
          minmay_temple_entry_arrows, uniq_sigmund, uniq_grinder
D:5:      layout_basic, serial_aquarium, aquarium_bridge_straight
          [aquarium_subvault_bridge, aquarium_subvault_window,
          aquarium_subvault_bridge, aquarium_subvault_window],
          aquarium_bridge_long_separate [aquarium_subvault_balcony,
          aquarium_subvault_bridge, aquarium_subvault_bridge,
          aquarium_subvault_bridge, aquarium_subvault_wall,
          aquarium_subvault_bridge], aquarium_window_2, aquarium_window_fake,
          aquarium_window_2, aquarium_view_2c, aquarium_pool_split
D:6:      kennysheep_windowed_halls, layout_basic,
          eat_drink_and_be_merry_uskayaw,
          mainiacjoe_sewer_entry_somewhere_in_here_1, serial_shops,
          nicolae_shop_bloodbath_and_beyond, nicolae_book_shop_shelving,
          nicolae_shop_pleasant_corner_grove, shop, shop, dk_vineyard_3
D:7:      layout_rooms, minivault_19
D:8:      layout_basic, nicolae_ru_awakened_eye
D:9:      layout_stronghold, kennysheep_little_box, uniq_amaemon
Temple:   regret_index_temple_chain_breaker

Skill      XL: |  1  2  3  4  5  6  7  8  9 10 |
---------------+-------------------------------+-----
Ranged Weapons | 4 5 6 7 9 10 11 | 11.3
Dodging        | 4 |  4.4
Fighting       | 6 9 |  9.7
Stealth        | |  0.7

Action                     |  1- 3 |  4- 6 |  7- 9 | 10-12 || total
---------------------------+-------+-------+-------+-------++-------
  Melee: Sling             |       |       |    14 |       ||    14
   Fire: Sling             |   230 |   164 |   746 |   286 ||  1426
    Use: Potion            |       |       |     1 |     3 ||     4
         Scroll            |       |       |     7 |     4 ||    11
 Armour: Leather armour    |     7 |    15 |    89 |    45 ||   156
         Skin              |       |       |       |     1 ||     1
  Dodge: Dodged            |     5 |    15 |    91 |    39 ||   150

Table legend: (Time is in decaauts)
 A = Elapsed time spent in this place.
 B = Non-inter-level travel time spent in this place.
 C = Inter-level travel time spent in this place.
 D = Time resting spent in this place.
 E = Time spent auto-exploring this place.
 F = Levels seen in this place.
 G = Mean time per level.
                   A        B        C        D        E       F      G
               +--------+--------+--------+--------+--------+-----+--------+
         Total |   7920 |   7665 |    255 |    299 |   5988 |  11 |  720.0 |
       Dungeon |   7395 |   7168 |    227 |    156 |   5746 |   9 |  821.7 |
        Temple |     30 |      2 |     28 |      0 |      0 |   1 |   30.0 |
         Sewer |    493 |    493 |      0 |    143 |    242 |   1 |  493.0 |
               +--------+--------+--------+--------+--------+-----+--------+

Top non-repeatable levels by time:
     D:6: 1116 daAuts
     D:9: 1046 daAuts
     D:5: 1023 daAuts
     D:4: 1022 daAuts
     D:3: 729 daAuts
     D:1: 707 daAuts
     D:7: 643 daAuts
     D:8: 616 daAuts
   Sewer: 493 daAuts
     D:2: 489 daAuts
  Temple: 30 daAuts
